AoeStats
← Jakobob

Arena

509623374Analyzed
1v1 RM · 4d ago on Sep 27, 2026· 43m 33s· 2 players
Game mode
Random Map
Map size
Tiny (2 player)
Population
200
Speed
Normal
Resources
Standard
Victory
Conquest
Starting age
Dark Age
Ending age
Imperial Age
RankedLock teamsTeams togetherTeam positionsShared explorationLock speedFull tech treeHidden civsTurbo modeCheats
Victory
Defeat
🇩🇪 Franks · Germany
719
+17
🇹🇷 Magyars · Türkiye
744
-41
Jakobob
5:06 Loom
10:17 Feudal Age
13:32 Wheelbarrow
18:23 Castle Age
16:44 Double-Bit Axe
17:31 Forging
21:37 Bow Saw
21:20 Gold Mining
21:24 Stone Mining
27:19 Scale Barding Armor
27:51 Iron Casting
30:39 Chain Barding Armor
31:37 Hand Cart
34:30 Imperial Age
33:47 Husbandry
34:49 Scale Mail Armor
37:30 Plate Barding Armor
37:56 Blast Furnace
36:31 Cavalier
37:57 Chain Mail Armor
37:29 Elite Throwing Axeman
41:30 Paladin
ifee
12:04 Feudal Age
12:32 Horse Collar
12:57 Gold Mining
13:03 Double-Bit Axe
17:33 Scale Barding Armor
19:22 Wheelbarrow
19:39 Town Watch
22:44 Castle Age
21:56 Bloodlines
24:52 Husbandry
25:18 Stone Mining
28:21 Hand Cart
32:14 Chain Barding Armor
32:55 Town Patrol
36:29 Imperial Age
34:39 Bow Saw
37:11 Elite Magyar Huszar
39:48 Chemistry
40:20 Plate Barding Armor
Connection lost

Rejoining the realm…

Still unreachable

The connection could not be restored.

Session expired

The server has moved on; the page needs a fresh start.